 Dungeon Crawl Stone Soup version 0.29.1-15-g9cfb28693d (webtiles) character file.

Game seed: 8157651740606671344

3336 Barneous the Grappler (level 9, 0/84 HPs)
             Began as a Troll Monk on Apr 3, 2023.
             Was a Priest of Wu Jian.
             Slain by Joseph
             ... wielding a +1 vorpal quarterstaff
              (17 damage)
             ... on level 8 of the Dungeon.
             The game lasted 00:26:36 (6082 turns).

Barneous the Grappler (Troll Monk)                  Turns: 6082, Time: 00:26:37

Health: 0/84       AC:  9    Str: 21    XL:     9   Next: 72%
Magic:  8/8        EV: 13    Int: 12    God:    Wu Jian [***...]
Gold:   470        SH:  0    Dex: 22    Spells: 7/9 levels left

rFire   . . .      SeeInvis .     - Unarmed
rCold   . . .      Faith    .   (no shield)
rNeg    + . .      Spirit   .   q - +0 robe {rN+}
rPois   .          Reflect  .   h - +2 hat {Will+}
rElec   .          Harm     .   t - +2 cloak
rCorr   .          Rampage  .   (gloves unavailable)
Will    +....                   (boots unavailable)
Stlth   +++.......              (no amulet)
HPRegen 1.04/turn               n - +6 ring of dexterity
MPRegen 0.11/turn               c - +6 ring of intelligence

@: exhausted
A: large, unfitting armour, claws 3, regeneration 1, shaggy fur 1, tough skin 1
a: Renounce Religion, Wall Jump, Serpent's Lash


You were on level 8 of the Dungeon.
You worshipped Wu Jian.
Wu Jian was most pleased with you.
You visited 2 branches of the dungeon, and saw 9 of its levels.

You collected 470 gold pieces.

Inventory:

Hand Weapons
 a - the +8 dagger of Saltpetre {vorpal, +Blink rPois rCorr Int-5}
   (You took it off an orc on level 7 of the Dungeon)

   It inflicts extra damage upon your enemies.
   Int:       It affects your intelligence (-5).
   rPois:     It protects you from poison.
   +Blink:    It lets you blink.
   rCorr:     It protects you from acid and corrosion.
 k - a +2 short sword of freezing
 s - a +2 rapier of holy wrath
Missiles
 m - 4 throwing nets
Armour
 h - a +2 hat of willpower (worn)
 q - a +0 robe of positive energy (worn)
 t - a +2 cloak (worn)
Jewellery
 c - a +6 ring of intelligence (right claw)
 d - a ring of flight
 n - a +6 ring of dexterity (left claw)
Scrolls
 f - 2 scrolls of amnesia
 g - a scroll of fear
 i - a scroll of enchant weapon
 l - 5 scrolls of identify
 p - 2 scrolls of butterflies
 r - a scroll of teleportation
Potions
 b - a potion of ambrosia
 e - 2 potions of brilliance
 j - a potion of curing


   Skills:
 + Level 4.0 Fighting
 + Level 5.1 Dodging
 + Level 3.8 Stealth
 + Level 10.7 Unarmed Combat
 + Level 0.6 Spellcasting
 + Level 0.2 Conjurations
 + Level 0.3 Transmutations
 + Level 0.3 Poison Magic


You had 7 spell levels left.
You knew the following spells:

 Your Spells              Type           Power      Damage    Failure   Level
a - Sting                 Tmut/Pois      4%         1d3       26%         1
b - Magic Dart            Conj           0%         1d3       28%         1

Your spell library contained the following spells:

 Spells                   Type           Power      Damage    Failure   Level
 Apportation              Tloc           0%         N/A       32%         1
 Searing Ray              Conj           0%         2d4       41%         2
 Frozen Ramparts          Ice            0%         1d1       67%         3
 Gell's Gravitas          Tloc           0%         N/A       67%         3
 Lesser Beckoning         Tloc           0%         N/A       67%         3
 Teleport Other           Tloc           0%         N/A       67%         3
 Fulminant Prism          Conj/Hex       0%         3d6       96%         4
 Ice Form                 Ice/Tmut       0%         N/A       96%         4
 Summon Ice Beast         Ice/Summ       0%         N/A       97%         4
 Alistair's Intoxication  Tmut/Pois      0%         N/A       100%        5


Dungeon Overview and Level Annotations

Branches:
Dungeon (8/15)             Temple (1/1) D:4
   Lair: D:8-11

Altars:
Cheibriados
Gozag
Makhleb
Qazlal
Uskayaw
Wu Jian
Yredelemnul
Zin
The Shining One

Annotations:
D:8 Erica, Joseph, Maurice


Innate Abilities, Weirdness & Mutations

You are too large for most types of armour.
You have claws for hands.
Your natural rate of healing is unusually fast.
You are covered in fur. (AC +1)
You have tough skin. (AC +1)


Message History

Joseph barely misses you.
The yak bellows!
You scratch Joseph.
Joseph is heavily wounded.
The steam dragon breathes steam at you. The ball of steam misses you.
You hear a bellow! x2
You spin and attack Joseph.
You claw Joseph!
Joseph is severely wounded.
Joseph misses you.
You barely miss the steam dragon.
You are engulfed in a cloud of scalding steam.
Joseph is engulfed in a cloud of scalding steam.
Joseph barely misses you. The steam dragon bites you.
The steam dragon claws you but does no damage.
You scratch Joseph.
Joseph is severely wounded.
You are engulfed in a cloud of scalding steam.
Joseph sighs, "Being a guard is usually so boring..."
Joseph hits you with a +1 vorpal quarterstaff!
You barely miss Joseph.
Joseph is severely wounded.
The steam dragon breathes steam at you. The ball of steam misses you.
A yak comes into view.
Joseph is engulfed in a cloud of scalding steam.
Joseph hits you with a +1 vorpal quarterstaff!!
* * * LOW HITPOINT WARNING * * *
You hear an angry hiss.
Okay, then.
You spin and attack Joseph.
You scratch Joseph. Your claw misses Joseph.
Joseph is almost dead.
You spin and attack the steam dragon.
You mangle the steam dragon!!
The steam dragon is heavily wounded.
The steam dragon bites you!
* * * LOW HITPOINT WARNING * * *
The steam dragon barely misses you. Joseph hits you but does no damage.
Joseph attacks as you move away!
Joseph hits you with a +1 vorpal quarterstaff!
You die...

#..)).........
#...)..........
#...)†.........
#..<)......Y...
#[.)...........
#....(.........
#..............
#.......Y......
#...<.@D...$...
#.....§@.......
#....§.........
#...§..........
#§§§.......)...
#§.§.............
#§...............
#................
#................


You could see Joseph, 2 yaks and a steam dragon (catching breath).

Vanquished Creatures
  The ghost of Jase the Shield-Bearer, a novice GnWn of Okawaru (D:7)
  Menkaure (D:6)
  3 steam dragons
  2 orc warriors (D:7)
  An ice beast (D:7)
  A black bear (D:6)
  4 sky beasts
  A centaur (D:6)
  2 kobold brigands (D:8)
  A necrophage (D:7)
  A bullfrog (D:6)
  4 scorpions
  3 wights (D:7)
  4 killer bees (D:8)
  5 hounds
  Crazy Yiuf (D:7)
  A gnoll bouda (D:4)
  2 orc priests (D:7)
  2 iguanas
  3 orc wizards
  4 gnolls (D:4)
  7 adders
  A shadow imp (D:7)
  An ufetubus (D:4)
  2 worms
  A dart slug (D:3)
  35 orcs
  5 bats
  9 endoplasms
  9 giant cockroaches
  7 hobgoblins
  4 jackals (D:1)
  5 quokkas
  3 ball pythons
  3 frilled lizards
  7 goblins
  18 kobolds
  5 rats
169 creatures vanquished.

Notes
Turn   | Place    | Note
-------+----------+-------------------------------------------
     0 | D:1      | Barneous the Troll Monk began the quest for the Orb.
     0 | D:1      | Reached XP level 1. HP: 22/22 MP: 0/0
   313 | D:1      | Reached XP level 2. HP: 29/29 MP: 1/1
   353 | D:1      | Found a faded altar of an unknown god.
   362 | D:1      | Got Plato's Codex of Pollution
   861 | D:2      | Reached XP level 3. HP: 36/36 MP: 2/2
  1223 | D:2      | Reached skill level 4 in Unarmed Combat
  1745 | D:3      | Learned a level 1 spell: Sting
  1775 | D:3      | Reached XP level 4. HP: 44/44 MP: 1/3
  2301 | D:3      | Found a glowing golden altar of the Shining One.
  2486 | D:4      | Reached XP level 5. HP: 50/50 MP: 4/4
  2702 | D:4      | Found a staircase to the Ecumenical Temple.
  2721 | Temple   | Entered the Ecumenical Temple
  2730 | Temple   | Became a worshipper of the Wu Jian Council
  2730 | Temple   | Reached * piety under Wu Jian
  2730 | Temple   | Reached ** piety under Wu Jian
  2771 | D:4      | Reached skill level 5 in Unarmed Combat
  2843 | D:4      | Reached XP level 6. HP: 59/59 MP: 5/5
  2851 | D:4      | Learned a level 1 spell: Magic Dart
  3185 | D:5      | Entered Level 5 of the Dungeon
  3960 | D:6      | Noticed a sky beast
  3966 | D:6      | Killed a sky beast
  3967 | D:6      | Reached skill level 6 in Unarmed Combat
  3967 | D:6      | Reached XP level 7. HP: 67/67 MP: 6/6
  4078 | D:6      | Noticed a steam dragon
  4091 | D:6      | Killed a steam dragon
  4092 | D:6      | Reached skill level 7 in Unarmed Combat
  4227 | D:6      | Noticed Menkaure
  4238 | D:6      | Killed Menkaure
  4238 | D:6      | Reached *** piety under Wu Jian
  4239 | D:6      | Reached XP level 8. HP: 32/75 MP: 7/7
  4401 | D:6      | Reached skill level 8 in Unarmed Combat
  4645 | D:7      | Found a snail-covered altar of Cheibriados.
  4648 | D:7      | Found a burning altar of Makhleb.
  4649 | D:7      | Found an opulent altar of Gozag.
  4760 | D:7      | Reached skill level 9 in Unarmed Combat
  4857 | D:7      | Found a runed translucent gate.
  4858 | D:7      | Found a runed translucent gate.
  4860 | D:7      | Found a runed translucent gate.
  4860 | D:7      | Noticed Jase's ghost (novice GnWn)
  4861 | D:7      | Identified the +1 plate armour "Gimeryry" {rF+++ Int+3
                  | Dex-3 Slay-6}
  4894 | D:7      | Killed Jase's ghost
  4895 | D:7      | Reached XP level 9. HP: 18/84 MP: 8/8
  5034 | D:7      | Identified the +8 dagger of Saltpetre {vorpal, +Blink rPois
                  | rCorr Int-5}
  5195 | D:7      | Reached skill level 10 in Unarmed Combat
  5297 | D:7      | Found a runed translucent door.
  5298 | D:7      | Noticed Crazy Yiuf
  5616 | D:7      | Killed Crazy Yiuf
  5739 | D:8      | Noticed Joseph
  5803 | D:8      | Reached skill level 5 in Dodging
  5950 | D:8      | Noticed Erica
  6037 | D:8      | Noticed Maurice
  6082 | D:8      | Slain by Joseph

Illustrated notes

Levels and vault maps discovered:
D:1:      eino_arrival_cavern_d, layout_basic,
          shapermc_ecumenical_altar_rom_forum, minmay_distorted
D:2:      minmay_wonky_spiral, layout_basic, st_stairs_12
D:3:      layout_loops_ring, mainiacjoe_overflow_surrounded_room
D:4:      layout_cave_pools, minmay_temple_entry_ruins, grunt_ministairs_14,
          item_on_display_a
D:5:      layout_loops_corners
D:6:      layout_rooms, nicolae_underground_beach, uniq_menkaure
D:7:      layout_basic, grunt_temple_overflow_open, biasface_ghost_orc_armoury,
          uniq_crazy_yiuf_cottage
D:8:      layout_gridville, lair_entry_dummy, uniq_joseph, uniq_maurice,
          uniq_erica, uniq_pikel
Temple:   compressed_dpeg_circular_temple

Skill      XL: |  1  2  3  4  5  6  7  8  9 |
---------------+----------------------------+-----
Unarmed Combat | 4 5 6 7 9 10 | 10.7
Dodging        | 3 4 5 |  5.1
Stealth        | 2 3 |  3.8
Fighting       | 3 4 |  4.0
Spellcasting   | |  0.6
Conjurations   | |  0.2
Transmutations | |  0.3
Poison Magic   | |  0.3

Action                   |  1- 3 |  4- 6 |  7- 9 || total
-------------------------+-------+-------+-------++-------
Melee: Unarmed           |   112 |   167 |   210 ||   489
       Punch             |       |     3 |    11 ||    14
 Cast: Sting             |     1 |     1 |       ||     2
       Magic Dart        |       |       |     9 ||     9
Invok: Whirlwind         |       |     4 |     9 ||    13
       Lunge             |       |     9 |    13 ||    22
       Serpent's Lash    |       |       |     1 ||     1
 Abil: Wall Jump         |       |     2 |     4 ||     6
  Use: Scroll            |     9 |     2 |     1 ||    12
       Potion            |     2 |     3 |     3 ||     8
 Stab: Sleeping          |     8 |     8 |     4 ||    20
       Distracted        |       |       |     1 ||     1
Armor: Robe              |    31 |    53 |    67 ||   151
Dodge: Dodged            |    49 |    85 |   124 ||   258
